 Dungeon Crawl Stone Soup version 0.13.1-17-g0f9d4ff (webtiles) character file.

15203 Chiseanne the Prestidigitator (level 11, -47/83 (86) HPs)
             Began as a Centaur Artificer on Dec 17, 2013.
             Was a High Priest of Nemelex Xobeh.
             Killed from afar by Nikola (51 damage)
             ... with a bolt of lightning
             ... on Level 15 of the Dungeon.
             The game lasted 01:31:36 (20218 turns).

Chiseanne the Prestidigitator (Centaur Artificer)  Turns: 20218, Time: 01:31:36

HP -47/83 (86)   AC 12     Str 15      XL: 11   Next: 94%
MP  11/21        EV 13     Int 11      God: Nemelex Xobeh [*****.]
Gold 318         SH 11     Dex 12      Spells:  0 memorised, 10 levels left

Res.Fire  : . . .   See Invis. : +   A - +3,+1 whip (elec)
Res.Cold  : + . .   Warding    : .   c - +2 elf robe {rC+}
Life Prot.: . . .   Conserve   : +   v - +1 buckler
Res.Poison: +       Res.Corr.  : .   p - +1 cap
Res.Elec. : .       Clarity    : .   g - +1 cloak
Sust.Abil.: . .     Spirit.Shd : .   d - +1 pair of gloves
Res.Mut.  : .       Stasis     : .   (no barding)
Res.Rott. : .       Flight     : .   I - amulet of conservation
Saprovore : . . .                    E - ring of see invisible
                                     r - ring of poison resistance

@: deflect missiles, exhausted, very slightly contaminated, hasted and slowed,
very quick, somewhat resistant to hostile enchantments, very unstealthy
A: hooves 3, deformed body, herbivore 1, speed 2, fast metabolism 1, tough skin
3
a: Draw One, Peek at Two, Triple Draw, Deal Four, Stack Five, Renounce Religion


You were on level 15 of the Dungeon.
You worshipped Nemelex Xobeh.
Nemelex Xobeh was extremely pleased with you.
You were not hungry.

You visited 4 branches of the dungeon, and saw 17 of its levels.

You collected 806 gold pieces.
You spent 508 gold pieces at shops.

Inventory:

Hand weapons
 e - a +0 blowgun
 t - the cursed +3,+1 scimitar of Strategic Superiority {freeze, rC+}
   (You found it on level 8 of the Dungeon)

   It has been specially enchanted to freeze those struck by it, causing extra
   injury to most foes and up to double damage against particularly susceptible
   opponents.
   It can also slow down cold-blooded creatures.
   It protects you from cold.
   It has a curse placed upon it.
 A - a +3,+1 whip of electrocution (weapon)
Missiles
 k - 5 poisoned needles
Armour
 c - a +2 elven robe of cold resistance (worn)
 d - a +1 pair of gloves (worn)
 g - a +1 cloak (worn)
 p - a +1 cap (worn)
 v - a +1 buckler (worn)
Magical devices
 a - a wand of disintegration (2)
 j - a wand of polymorph (3)
Comestibles
 f - 11 bread rations
 o - 8 cheeses
 z - a meat ration
Scrolls
 m - 5 scrolls of teleportation
 w - a scroll of remove curse
 C - a scroll of recharging
 G - 2 scrolls of fear
Jewellery
 r - a ring of poison resistance (left hand)
 E - a ring of see invisible (right hand)
 I - an amulet of conservation (around neck)
Potions
 h - a potion of flight
 s - 2 potions of restore abilities
 u - 7 potions of curing
 J - a potion of heal wounds
Books
 b - a book of Transfigurations

   Spells                             Type                      Level
   Stoneskin                          Transmutation/Earth          2
   Polymorph                          Hexes/Transmutation          4
   Ice Form                           Ice/Transmutation            4
   Statue Form                        Transmutation/Earth          6
   Dragon Form                        Transmutation                7
 F - a book of Spatial Translocations

   Spells                             Type                      Level
   Apportation                        Translocation                1
   Portal Projectile                  Translocation                2
   Blink                              Translocation                2
   Shroud of Golubria                 Charms/Translocation         2
   Teleport Other                     Translocation                3
   Passage of Golubria                Translocation                4
Rods
 i - a +6 rod of warding (5/10)
   (You acquired it on level 15 of the Dungeon)


   Skills:
 * Level 6.1 Fighting
   Level 0.8 Short Blades
 - Level 5.0 Maces & Flails
   Level 3.2 Polearms
 - Level 4.4 Throwing
 * Level 6.5 Armour
 * Level 7.9 Dodging
 - Level 0.5 Stealth
 * Level 4.4 Shields
 * Level 9.1 Evocations


You had 10 spell levels left.
You didn't know any spells.

Dungeon Overview and Level Annotations

Branches:
Dungeon (15/27)            Temple (1/1) D:7             Orc (2/4) D:10
   Lair (1/8) D:8
 Vaults: D:15-20

Altars:
Ashenzari
Cheibriados
Elyvilon
Fedhas
Kikubaaqudgha
Makhleb
Nemelex Xobeh
Okawaru
Sif Muna
Trog
Vehumet
Xom
Yredelemnul
Zin
the Shining One

Shops:
D:7 !   Orc:1 !

Annotations:
D:10 Erica
D:15 Nikola
Orc:2 Erolcha, Joseph


Innate Abilities, Weirdness & Mutations

You have hooves in place of feet.
Armour fits poorly on your strangely shaped body.
You digest meat inefficiently.
You cover ground very quickly.
You have a fast metabolism.
You have extremely tough skin (AC +3).


Message History

You hear a mighty clap of thunder!
The lightning arc hits you!
The lightning arc hits Nikola.
The lightning arc hits you!
The lightning arc hits Nikola.
The lightning arc hits you!
* * * LOW HITPOINT WARNING * * *
The lightning arc hits Nikola.
You are very lightly contaminated with residual magic.
Nikola hits you with a sabre of electrocution!
* * * LOW HITPOINT WARNING * * *
You hit Nikola.
Nikola is lightly wounded.
You hit Nikola.
There is a sudden explosion of sparks!
You kick Nikola, but do no damage.
Nikola is moderately wounded.
Nikola says, "You don't look like a good insulator."
Nikola casts a spell at you. The bolt of lightning hits you!
Ouch! That really hurt!
You die...
Your body glows with a rainbow of weird colours and disappears.

####..≈≈≈≈≈####.@..............
####.#≈_≈#.####..}........>>>..
###≈≈^≈...#####.##############
######'###### #.# ######.######
#%# #####'##### #[# ####.####
#.# #.......#####.#
####.......@@.# ############


You could see Nikola.

Vanquished Creatures
  A ghost moth (D:15)
  Fannar (D:11)
  Harold (D:10)
  Pikel (D:4)
  A hill giant (D:10)
  A cyclops (D:12)
  A fire drake (D:10)
  2 trolls
  A two-headed ogre (D:9)
  A slime creature (D:15)
  2 brown oozes (D:15)
  2 wyverns (D:10)
  3 ugly things (D:10)
  A shark (Lair:1)
  2 hungry ghosts
  Eustachio (D:5)
  A vampire mosquito (D:12)
  5 hippogriffs
  A hog (D:7)
  A wraith (D:12)
  A mottled dragon (D:12)
  A manticore (D:12)
  A necrophage (D:9)
  5 ice beasts
  A slave (D:4)
  5 orc warriors
  3 sky beasts
  A phantom (D:8)
  A tengu (D:10)
  A human (D:7)
  5 ogres
  5 centaurs
  A crocodile (D:12)
  2 big kobolds
  Blork the orc (D:4)
  5 giant frogs
  A troll zombie (D:9)
  A yak skeleton (D:11)
  12 killer bees
  12 wights
  8 crimson imps
  6 hounds
  3 quasits
  4 jellies
  8 orc priests
  A centaur zombie (D:5)
  4 goliath beetles
  Crazy Yiuf (D:4)
  2 black bear zombies (D:4)
  A centaur skeleton (D:5)
  5 iguanas
  3 scorpions
  10 orc wizards
  A basilisk skeleton (D:9)
  An iron imp (D:5)
  12 worker ants
  7 sheep
  A hound skeleton (D:4)
  A worker ant zombie (D:4)
  14 gnolls
  19 adders
  A giant centipede (D:9)
  An inept feature mimic (D:7)
  4 giant mites
  7 worms
  A goliath beetle zombie (D:7)
  An adder skeleton (D:7)
  6 giant eyeballs
  3 giant geckos
  An ooze (D:7)
  52 orcs
  17 goblins
  8 hobgoblins
  8 jackals
  27 kobolds
  4 quokkas
  2 ball pythons
  16 bats
  7 giant cockroaches
  8 giant newts
  A giant spore (D:8)
  2 gnoll skeletons
  A goblin skeleton (D:4)
  A hobgoblin zombie (D:7)
  A kobold skeleton (D:7)
  2 kobold zombies
  27 rats
  A rat zombie (D:6)
  15 ballistomycetes (D:8)
  2 fungi (D:4)
434 creatures vanquished.

Vanquished Creatures (collateral kills)
  A hydra skeleton (D:9)
  An ogre (D:9)
  A dwarf (D:9)
  A yak zombie (D:9)
  8 killer bees
  A yak skeleton (D:12)
  A goliath beetle (D:9)
  A jelly (D:6)
  An orc wizard (D:4)
  A gnoll (D:4)
  8 orcs
  A hobgoblin (D:4)
  A bat (D:4)
  An orc skeleton (D:9)
28 creatures vanquished.

Vanquished Creatures (others)
  A dancing weapon (D:9)
  A spriggan (shapeshifter) (D:15)
  2 ugly things
  A yak (D:12)
  An ogre (D:4)
  2 hippogriffs (D:9)
  2 slaves (D:4)
  A giant frog (D:15)
  A big kobold (D:15)
  An insubstantial wisp (D:9)
  A cyclops skeleton (D:10)
  A centaur skeleton (D:10)
  A big kobold skeleton (D:9)
  A white imp (D:9)
  An ufetubus (D:12)
  A kobold (D:4)
  A goblin (D:4)
20 creatures vanquished.

Grand Total: 482 creatures vanquished

Notes
Turn   | Place    | Note
--------------------------------------------------------------
     0 | D:1      | Chiseanne, the Centaur Artificer, began the quest for the Orb.
     0 | D:1      | Reached XP level 1. HP: 17/17 MP: 1/1
   190 | D:1      | Reached skill level 3 in Evocations
   194 | D:1      | Reached XP level 2. HP: 19/24 MP: 3/3
   765 | D:2      | Found an ancient bone altar of Kikubaaqudgha.
   765 | D:2      | Noticed a human
   789 | D:2      | Reached XP level 3. HP: 14/29 MP: 4/4
  1395 | D:2      | Reached skill level 1 in Armour
  1395 | D:2      | Reached XP level 4. HP: 28/36 MP: 5/5
  2006 | D:3      | Reached skill level 4 in Evocations
  2172 | D:3      | Reached XP level 5. HP: 39/42 MP: 7/7
  2287 | D:3      | Found a bloodstained altar of Trog.
  2290 | D:3      | Found a snail-covered altar of Cheibriados.
  2293 | D:3      | Found a blossoming altar of Fedhas.
  2314 | D:3      | Found a shimmering altar of Xom.
  2735 | D:3      | Found a glowing silver altar of Zin.
  2927 | D:4      | Noticed Blork the orc
  2936 | D:4      | Blork the orc (ally) was killed
  2936 | D:4      | Your ally died
  3262 | D:4      | Noticed a slave
  3263 | D:4      | Noticed a slave
  3264 | D:4      | Noticed Pikel
  3266 | D:4      | Noticed a slave
  3272 | D:4      | Noticed a slave
  3275 | D:4      | a slave (ally) was killed
  3317 | D:4      | Killed a freed slave
  3324 | D:4      | Killed Pikel
  3324 | D:4      | Reached skill level 1 in Shields
  3324 | D:4      | Reached XP level 6. HP: 44/49 MP: 9/9
  3363 | D:4      | Reached XP level 7. HP: 41/56 MP: 10/10
  3510 | D:4      | Noticed an ice beast
  3516 | D:4      | Killed an ice beast
  3663 | D:4      | Reached skill level 5 in Evocations
  3814 | D:4      | Noticed an ogre
  3835 | D:4      | Killed an ogre
  4114 | D:4      | Reached skill level 1 in Maces & Flails
  4114 | D:4      | Reached XP level 8. HP: 50/63 MP: 13/13
  4287 | D:4      | Killed a freed slave
  4535 | D:4      | Found a sparkling altar of Nemelex Xobeh.
  4543 | D:4      | Became a worshipper of Nemelex Xobeh
  4553 | D:4      | Received a gift from Nemelex Xobeh
  4568 | D:4      | Acquired Nemelex Xobeh's first power
  4668 | D:4      | Acquired Nemelex Xobeh's second power
  4944 | D:4      | Noticed Crazy Yiuf
  4978 | D:4      | Paralysed by Crazy Yiuf for 4 turns
  4985 | D:4      | Killed Crazy Yiuf
  5100 | D:4      | Pr0man: muh
  5100 | D:4      | Chiseanne: moin :)
  5100 | D:4      | Chiseanne: na wieder ein versuch mit dem fe?
  5440 | D:3      | Acquired Nemelex Xobeh's third power
  5450 | D:3      | Pr0man: hatte ein paar versuche, doch immer gestorben
  5573 | D:2      | Received a gift from Nemelex Xobeh
  5606 | D:2      | Chiseanne: ja will mir auch nicht mehr gelingen..ist einfach zu hart eingestellt
  5606 | D:2      | Chiseanne: hatte dem letzten auf level 20 und dann stirbt der in einer spriggan stadt oder so
  6170 | D:5      | Entered Level 5 of the Dungeon
  6389 | D:4      | Pr0man: tja, mein letzter firemage der richtig gut lief wurde von nem centaur mit bogen onehotted, mal wieder
  6389 | D:4      | Chiseanne: fies >.<
  6389 | D:4      | Chiseanne: die sind auch hart..vor allem amges halten hier null aus
  6389 | D:4      | Chiseanne: ich bin mal erstmal weg..gleich gibts croque und freunding ist hier
  7063 | D:5      | Noticed Eustachio
  7081 | D:5      | Killed Eustachio
  7353 | D:5      | Acquired Nemelex Xobeh's fourth power
  7804 | D:6      | Reached XP level 9. HP: 42/70 MP: 10/15
  7891 | D:5      | Reached skill level 6 in Evocations
  8103 | D:6      | Reached skill level 5 in Dodging
  8105 | D:6      | Received a gift from Nemelex Xobeh
  9522 | D:7      | Found Qock's Distillery.
  9638 | D:7      | Bought a potion of curing for 28 gold pieces
  9638 | D:7      | Bought a potion of invisibility for 77 gold pieces
  9638 | D:7      | Bought a potion of paralysis for 14 gold pieces
  9638 | D:7      | Bought a potion of heal wounds for 42 gold pieces
  9638 | D:7      | Bought a potion of heal wounds for 42 gold pieces
  9650 | D:7      | Received a gift from Nemelex Xobeh
  9974 | D:7      | Found a staircase to the Ecumenical Temple.
  9988 | Temple   | Entered the Ecumenical Temple
 11319 | D:7      | Reached skill level 5 in Armour
 11767 | D:8      | Received a gift from Nemelex Xobeh
 12059 | D:8      | Reached XP level 10. HP: 78/78 MP: 18/18
 12201 | D:8      | Reached skill level 7 in Evocations
 12326 | D:8      | Paralysed by a giant eyeball for 3 turns
 12335 | D:8      | Paralysed by a giant eyeball for 3 turns
 12695 | D:8      | Paralysed by a giant eyeball for 3 turns
 12803 | D:8      | Got a blackened scimitar
 12805 | D:8      | Identified the cursed +3,+1 scimitar of Strategic Superiority {freeze, rC+} (You found it on level 8 of the Dungeon)
 12862 | D:8      | Found a staircase to the Lair.
 13130 | Lair:1   | Entered Level 1 of the Lair of Beasts
 13140 | Lair:1   | Reached skill level 5 in Fighting
 13141 | Lair:1   | Noticed a black mamba
 13507 | D:9      | Found a shattered altar of Ashenzari.
 13912 | D:9      | Received a gift from Nemelex Xobeh
 14031 | D:9      | Acquired Nemelex Xobeh's fifth power
 14079 | D:9      | Received a gift from Nemelex Xobeh
 14362 | D:9      | Noticed Prince Ribbit
 14364 | D:9      | Noticed Prince Ribbit
 14364 | D:9      | Prince Ribbit changed into Prince Ribbit the dwarf
 14399 | D:9      | Received a gift from Nemelex Xobeh
 14419 | D:9      | Killed Prince Ribbit the dwarf
 14677 | D:9      | Reached skill level 1 in Throwing
 14745 | D:10     | Entered Level 10 of the Dungeon
 14770 | D:10     | Noticed Harold
 14774 | D:10     | Received a gift from Nemelex Xobeh
 14789 | D:10     | Killed Harold
 15088 | D:10     | Noticed Maurice
 15091 | D:10     | Noticed Maurice
 15091 | D:10     | Maurice changed into Maurice the tengu
 15097 | D:10     | Killed Maurice the tengu
 15135 | D:10     | Found a staircase to the Orcish Mines.
 15311 | D:10     | Reached XP level 11. HP: 77/85 MP: 20/20
 15599 | D:10     | Noticed Erica
 15617 | D:10     | Noticed Erica
 15617 | D:10     | Erica changed into Erica the swamp dragon
 16267 | D:10     | Reached skill level 8 in Evocations
 16581 | D:9      | Received a gift from Nemelex Xobeh
 16741 | D:10     | Noticed a hill giant
 16753 | D:10     | Killed a hill giant
 16834 | Orc:1    | Entered Level 1 of the Orcish Mines
 16834 | Orc:1    | Found Nauttadd's Distillery.
 16856 | Orc:1    | Bought a potion of blood for 13 gold pieces
 16856 | Orc:1    | Bought a potion of degeneration for 26 gold pieces
 16856 | Orc:1    | Bought a potion of heal wounds for 39 gold pieces
 16856 | Orc:1    | Bought a potion of speed for 71 gold pieces
 16856 | Orc:1    | Bought a potion of curing for 26 gold pieces
 16856 | Orc:1    | Bought a potion of berserk rage for 39 gold pieces
 16856 | Orc:1    | Bought a potion of heal wounds for 39 gold pieces
 16856 | Orc:1    | Bought 2 potions of curing for 52 gold pieces
 17201 | Orc:2    | Noticed Erolcha
 17201 | Orc:2    | Noticed Joseph
 17890 | D:11     | Received a gift from Nemelex Xobeh
 18466 | D:12     | Noticed Fannar
 18480 | D:11     | Killed Fannar
 18480 | D:11     | Reached skill level 5 in Maces & Flails
 19087 | D:12     | Received a gift from Nemelex Xobeh
 19635 | D:12     | You fall through a shaft!
 19635 | D:15     | Entered Level 15 of the Dungeon
 19642 | D:15     | Received a gift from Nemelex Xobeh
 19815 | D:15     | Identified a scroll of acquirement
 19823 | D:15     | Identified a +6 rod of warding (10/10) (You acquired it on level 15 of the Dungeon)
 20188 | D:15     | Noticed Nikola
 20189 | D:15     | Noticed a five-headed hydra
 20197 | D:15     | Noticed a ghost moth
 20197 | D:15     | a five-headed hydra changed into a ghost moth
 20204 | D:15     | Killed a ghost moth
 20204 | D:15     | Reached skill level 9 in Evocations
 20216 | D:15     | HP: 4/83 [Nikola/sabre of electrocution (13)]
 20218 | D:15     | Killed from afar by Nikola

Action                   |  1- 3 |  4- 6 |  7- 9 | 10-12 || total
-------------------------+-------+-------+-------+-------++-------
Melee: Short sword       |    14 |       |       |       ||    14
       Hand axe          |    71 |   105 |       |       ||   176
       Whip              |       |     7 |   655 |   682 ||  1344
Invok: Peek at Two       |       |       |     6 |     7 ||    13
       Draw One          |       |       |     9 |    78 ||    87
       Stack Five        |       |       |       |     3 ||     3
Evoke: Wand              |       |    31 |    19 |    28 ||    78
       Rod               |       |       |       |     1 ||     1
  Use: Potion            |       |     2 |     3 |    13 ||    18
       Scroll            |       |       |    17 |    15 ||    32
 Stab: Paralysed         |       |     2 |       |    11 ||    13
       Invisible         |       |       |     1 |       ||     1
